Map: Oxide LE

Players

DisK

  • Race: Protoss Protoss

Nina - Winner!

  • Race: Protoss Protoss

Event: DreamHack SC2 Masters 2021 Winter

VOD

Have the link to the VOD?

Description

Time

  • Played on: Oct. 15, 2021, 4:29 p.m.
  • Length: 9:47

All games in this series

Show
View Real Time Build Order
Export as new Build Order

DisK Protoss 

Build Orders: Proxy Void Ray 

Get SALT Encoding   

  12  0:00  Probe  
  13  0:12  Probe  
  14  0:17  Pylon  
  14  0:24  Probe  
  15  0:35  Gateway  
  15  0:36  Probe (Chrono Boost)  
  16  0:46  Assimilator, Probe (Chrono Boost)  
  17  0:51  Probe (Chrono Boost)  
  17  0:54  Assimilator  
  18  1:03  Probe (Chrono Boost)  
  19  1:12  Probe (Chrono Boost)  
  19  1:17  Probe (Chrono Boost)  
  20  1:23  Cybernetics Core  
  21  1:31  Pylon  
  23  1:34  Probe  
  22  1:46  Probe, Pylon  
  25  1:59  Assimilator  
  25  2:01  Stalker (Chrono Boost)  
  25  2:03  Warp Gate  
  25  2:06  Probe  
  26  2:14  Stargate  
  26  2:17  Cybernetics Core  
  26  2:22  Stalker (Chrono Boost)  
  28  2:38  Gateway  
  28  2:55  Pylon  
  28  2:57  Void Ray (Chrono Boost)  
  31  3:10  Pylon  
  31  3:28  Shield Battery  
  31  3:29  Shield Battery  
  31  3:30  Gateway, Void Ray (Chrono Boost)  
  31  3:39  Shield Battery  
  35  3:44  Shield Battery  
  35  3:58  Shield Battery  
  31  4:07  Shield Battery  
  34  4:18  Stalker x2  
  38  4:24  Stalker  
  36  4:41  Nexus  
  36  4:42  Pylon  
  36  4:56  Probe  
  37  5:00  Robotics Facility  
  37  5:10  Sentry  
  37  5:11  Sentry  
  41  5:15  Probe (Chrono Boost)  
  41  5:17  Shield Battery  
  42  5:30  Probe (Chrono Boost)  
  43  5:42  Stalker x2  
  47  5:53  Observer, Probe  
  49  5:58  Probe (Chrono Boost)  
  50  6:07  Probe (Chrono Boost)  
  50  6:11  Probe (Chrono Boost)  
  48  6:14  Twilight Council  
  48  6:15  Adept x2  
  53  6:18  Probe (Chrono Boost)  
  53  6:20  Probe (Chrono Boost)  
  53  6:23  Probe (Chrono Boost)  
  53  6:25  Probe  
  55  6:29  Pylon  
  56  6:33  Probe  
  56  6:38  Blink (Chrono Boost)  
  56  6:39  Immortal (Chrono Boost)  
  61  6:44  Probe  
  61  6:47  Pylon  
  62  6:52  Probe  
  63  6:56  Probe  
  63  7:00  Gateway  
  64  7:04  Observer  
  64  7:05  Gateway  
  64  7:16  Immortal  
  68  7:28  Stalker x2  
  72  7:30  Pylon  
  72  7:32  Pylon  
  72  7:52  Warp Prism (Chrono Boost)  
  72  7:54  Stalker x3  
  80  7:59  Stalker  
  82  8:17  Stalker x3  
  88  8:20  Pylon  
  88  8:22  Stalker  
  90  8:39  Pylon  
  90  8:42  Stalker x2  
  94  8:50  Stalker  
  90  9:04  Stalker  
  90  9:07  Stalker  
  74  9:28  Stalker x2  
  62  9:37  Stalker  
  62  9:38  Zealot  
Show
View Real Time Build Order
Export as new Build Order

Nina Protoss - Winner!

Build Orders:  

Get SALT Encoding   

  12  0:00  Probe  
  13  0:12  Probe  
  14  0:19  Pylon  
  14  0:24  Probe  
  15  0:37  Probe (Chrono Boost)  
  15  0:39  Gateway  
  16  0:46  Probe (Chrono Boost)  
  17  0:50  Assimilator  
  17  0:51  Probe (Chrono Boost)  
  18  1:03  Probe  
  19  1:11  Pylon  
  19  1:15  Probe  
  20  1:26  Cybernetics Core  
  20  1:27  Zealot, Probe  
  23  1:39  Probe  
  24  1:51  Probe  
  25  2:00  Stalker (Chrono Boost)  
  25  2:03  Probe  
  25  2:04  Gateway, Warp Gate  
  28  2:14  Shield Battery  
  28  2:16  Probe  
  28  2:21  Pylon  
  28  2:22  Stalker  
  31  2:39  Probe  
  32  2:50  Nexus  
  32  2:54  Probe  
  33  3:02  Stalker  
  33  3:04  Stalker  
  37  3:10  Shield Battery  
  37  3:14  Probe  
  37  3:19  Pylon  
  37  3:26  Assimilator  
  37  3:30  Shield Battery  
  37  3:53  Stalker x2  
  41  4:02  Probe  
  36  4:11  Gateway  
  36  4:13  Probe  
  36  4:14  Probe  
  38  4:20  Stalker x2  
  42  4:26  Probe  
  41  4:35  Probe (Chrono Boost)  
  43  4:38  Probe (Chrono Boost)  
  43  4:39  Twilight Council  
  44  4:46  Stalker  
  44  4:50  Probe x2 (Chrono Boost)  
  47  4:53  Stalker  
  47  4:55  Probe (Chrono Boost)  
  47  4:57  Probe  
  51  5:04  Pylon  
  51  5:06  Stalker, Probe  
  55  5:17  Pylon  
  55  5:21  Robotics Facility  
  54  5:22  Probe x2  
  56  5:28  Blink (Chrono Boost)  
  56  5:30  Assimilator  
  56  5:34  Probe  
  57  5:36  Probe  
  56  5:46  Stalker, Probe  
  56  5:48  Pylon  
  57  5:52  Stalker  
  59  6:02  Stalker  
  61  6:10  Stalker  
  57  6:12  Nexus  
  57  6:13  Probe  
  57  6:15  Probe  
  59  6:24  Observer  
  60  6:25  Probe  
  60  6:27  Gateway  
  60  6:30  Stalker  
  60  6:32  Shield Battery  
  63  6:36  Stalker, Pylon  
  65  6:42  Stalker  
  65  6:43  Probe  
  65  6:44  Probe  
  69  6:53  Gateway  
  69  6:57  Gateway  
  69  7:01  Gateway  
  69  7:02  Warp Prism (Chrono Boost)  
  71  7:11  Forge  
  71  7:18  Stalker x2  
  71  7:21  Stalker  
  77  7:24  Probe  
  77  7:27  Stalker  
  80  7:30  Observer (Chrono Boost), Probe  
  80  7:32  Probe  
  82  7:38  Probe  
  82  7:43  Stalker, Protoss Ground Weapons Level 1 (Chrono Boost)  
  85  7:44  Probe x2, Shield Battery  
  85  7:45  Observer (Chrono Boost)  
  85  7:50  Probe  
  89  7:55  Pylon  
  89  7:56  Stalker  
  91  7:59  Stalker  
  91  8:00  Probe x2  
  91  8:02  Probe  
  96  8:07  Observer, Pylon  
  96  8:11  Pylon  
  96  8:12  Observer, Probe, Pylon  
  97  8:18  Photon Cannon  
  97  8:20  Stalker  
  97  8:21  Pylon  
  97  8:23  Stalker  
  101  8:27  Observer  
  101  8:30  Zealot x3  
  107  8:36  Stalker x2  
  111  8:45  Stalker x2  
  111  8:46  Stalker  
  117  8:50  Stalker  
  119  9:01  Stalker  
  103  9:03  Zealot x3  
  103  9:06  Zealot  
  99  9:12  Zealot x2  
  87  9:26  Stalker x4  
  87  9:33  Stalker  

Tags
 
Add a new tag
Caveats
  • Supply blocks, unpowered buildings, or Contaminate may cause inaccurate times.
  • Supply counts are checked every 10 seconds.